UAA
MERCER ISLAND SCREAMING EAGLES @ FT. POLK SOUTH THUNDER HAWKS
08/21/2018
 
TOP OF THE 1ST
Mercer Island Screaming Eagles batting - Pitching for Ft. Polk South Thunder Hawks : RHP Sergio Rentería
Pitching: RHP Sergio Rentería
Batting: SHB Jon Jenkins 0-0: Called Strike
0-1: Fly out, F8 (Flyball, 8LM)
Batting: RHB Paul Houston 0-0: Ball
1-0: Swinging Strike
1-1: Swinging Strike
1-2: Strikes out swinging
Batting: RHB Luis Antonio Hernández 0-0: Ball
1-0: Ball
2-0: Foul Ball, location: 2F
2-1: Fly out, F8 (Line Drive, 8LM)
Top of the 1st over - 0 run(s), 0 hit(s), 0 error(s), 0 left on base; Mercer Island 0 - Ft. Polk South 0
BOTTOM OF THE 1ST
Ft. Polk South Thunder Hawks batting - Pitching for Mercer Island Screaming Eagles : LHP James Scott
Pitching: LHP James Scott
Batting: RHB Joe Murray 0-0: Called Strike
0-1: Ball
1-1: Ball
2-1: Called Strike
2-2: Ball
3-2: Foul Ball, location: 2F
3-2: Base on Balls
Batting: RHB Francisco Romero 0-0: Ball
1-0: Ball
2-0: SINGLE (Flyball, 9LS)
Joe Murray to second
Runner from 2nd tries for 3rd, SAFE, no throw or cutoff
Batting: LHB José Marín 0-0: Foul Ball, location: 2F
0-1: SINGLE (Groundball, 34S)
Joe Murray scores
Francisco Romero to second
Runner from 2nd tries for 3rd, SAFE, throw made to third
José Marín to second
Batting: RHB Román Centena 0-0: Ball
1-0: Fly out, F2 (Popup, 2LF)
Batting: LHB Guomez Nabeiro 0-0: Swinging Strike
0-1: Swinging Strike
0-2: Fly out, F6 (Line Drive, 6)
0-2: Lined into DP, 6-4 (Line Drive, 6)
Bottom of the 1st over - 1 run(s), 2 hit(s), 0 error(s), 1 left on base; Mercer Island 0 - Ft. Polk South 1
TOP OF THE 2ND
Mercer Island Screaming Eagles batting - Pitching for Ft. Polk South Thunder Hawks : RHP Sergio Rentería
Batting: LHB Jeff Lee 0-0: Called Strike
0-1: Ball
1-1: Fly out, F4 (Popup, 4)
Batting: RHB Scotty Anderson 0-0: Fly out, F6 (Line Drive, 56)
Now at SS: Orlando López
Batting: RHB Michael Montgomery 0-0: Ball
1-0: Ball
2-0: SINGLE (Line Drive, 89S)
Batting: RHB Kenzaburo Hori 0-0: Foul Ball, location: 2F
0-1: Called Strike
0-2: Ball
1-2: Ball
2-2: Ball
3-2: Strikes out swinging
Top of the 2nd over - 0 run(s), 1 hit(s), 0 error(s), 1 left on base; Mercer Island 0 - Ft. Polk South 1
BOTTOM OF THE 2ND
Ft. Polk South Thunder Hawks batting - Pitching for Mercer Island Screaming Eagles : LHP James Scott
Batting: RHB Steven Grant 0-0: Ball
1-0: Foul Ball, location: 2F
1-1: Ground out 6-3 (Groundball, 6)
Batting: RHB José Sosa 0-0: Ball
1-0: Ball
2-0: Ball
3-0: Base on Balls
Batting: SHB Tony Martínez 0-0: Ball
1-0: Swinging Strike
1-1: Fly out, F9 (Popup, 9LS)
Batting: RHB Nick Miller 0-0: Called Strike
0-1: Foul Ball, location: 2F
0-2: Ball
1-2: Foul Ball, location: 2F
1-2: Ball
2-2: Ball
3-2: Strikes out swinging
Bottom of the 2nd over - 0 run(s), 0 hit(s), 0 error(s), 1 left on base; Mercer Island 0 - Ft. Polk South 1
TOP OF THE 3RD
Mercer Island Screaming Eagles batting - Pitching for Ft. Polk South Thunder Hawks : RHP Sergio Rentería
Batting: LHB Gregg Young 0-0: Ball
1-0: Foul Ball, location: 2F
1-1: Swinging Strike
1-2: Ball
2-2: Strikes out swinging
Batting: SHB Ray Davis 0-0: Foul Ball, location: 2F
0-1: DOUBLE (Flyball, 8LD)
Batting: SHB Jon Jenkins 0-0: Ball
1-0: Ball
2-0: Ball
3-0: Base on Balls
Batting: RHB Paul Houston 0-0: Fly out, F5 (Line Drive, 56)
0-0: Fly out, F5 (Line Drive, 56)
Batting: RHB Luis Antonio Hernández 0-0: Called Strike
0-1: Foul Ball, location: 2F
0-2: Strikes out swinging
Top of the 3rd over - 0 run(s), 1 hit(s), 0 error(s), 2 left on base; Mercer Island 0 - Ft. Polk South 1
BOTTOM OF THE 3RD
Ft. Polk South Thunder Hawks batting - Pitching for Mercer Island Screaming Eagles : LHP James Scott
Batting: SHB Orlando López 0-0: Called Strike
0-1: Called Strike
0-2: Ball
1-2: SINGLE (Line Drive, 56D)
Batting: RHB Francisco Romero 0-0: Ball
1-0: Ball
Orlando López steals 2nd base
2-0: Ball
3-0: Foul Ball, location: 2F
3-1: SINGLE (Line Drive, 8LS)
Orlando López to third
Batting: LHB José Marín 0-0: Ball
1-0: Swinging Strike
1-1: Ball
2-1: SINGLE (Line Drive, 56D)
Orlando López scores
Francisco Romero to second
Batting: RHB Román Centena 0-0: Called Strike
0-1: Swinging Strike
0-2: Ball
1-2: Foul Ball, location: 2F
1-2: Foul Ball, location: 2F
1-2: Foul Ball, location: 2F
1-2: Strikes out swinging
Batting: LHB Guomez Nabeiro 0-0: Ball
1-0: Called Strike
1-1: Ball
2-1: SINGLE (Groundball, 4M)
Francisco Romero to third
José Marín to second
Batting: RHB Steven Grant 0-0: Called Strike
0-1: Ball
1-1: Ball
2-1: Ball
3-1: Base on Balls
Francisco Romero scores
José Marín to third
Guomez Nabeiro to second
Batting: RHB José Sosa 0-0: Ball
1-0: Ball
2-0: Called Strike
2-1: Swinging Strike
2-2: Strikes out swinging
Batting: SHB Tony Martínez 0-0: Ball
1-0: Swinging Strike
1-1: Ground out 4-3 (Groundball, 4)
Bottom of the 3rd over - 2 run(s), 4 hit(s), 0 error(s), 3 left on base; Mercer Island 0 - Ft. Polk South 3
TOP OF THE 4TH
Mercer Island Screaming Eagles batting - Pitching for Ft. Polk South Thunder Hawks : RHP Sergio Rentería
Batting: LHB Jeff Lee 0-0: Called Strike
0-1: Ball
1-1: TRIPLE (Line Drive, 3)
Batting: RHB Scotty Anderson 0-0: Called Strike
0-1: Ball
1-1: Ball
2-1: Fly out, F3 (Popup, 3L)
Batting: RHB Michael Montgomery 0-0: Ground out 6-3 (Groundball, 6)
Jeff Lee scores
Batting: RHB Kenzaburo Hori 0-0: Called Strike
0-1: Swinging Strike
0-2: Ball
1-2: Ball
2-2: Ball
3-2: Fly out, F8 (Flyball, 8LM)
Top of the 4th over - 1 run(s), 1 hit(s), 0 error(s), 0 left on base; Mercer Island 1 - Ft. Polk South 3
BOTTOM OF THE 4TH
Ft. Polk South Thunder Hawks batting - Pitching for Mercer Island Screaming Eagles : LHP James Scott
Batting: RHB Nick Miller 0-0: Ball
1-0: SINGLE (Groundball, 6)
Batting: SHB Orlando López 0-0: Ball
1-0: Fly out, F8 (Flyball, 8RM)
Batting: RHB Francisco Romero 0-0: Ball
1-0: Ball
2-0: Called Strike
2-1: Swinging Strike
2-2: Foul Ball, location: 2F
2-2: Foul Ball, location: 2F
2-2: Ball
3-2: SINGLE (Groundball, 34S)
Nick Miller to second
Nick Miller to third
Batting: LHB José Marín 0-0: Called Strike
0-1: Called Strike
0-2: Ball
1-2: Ball
2-2: Grounds into double play, 4-6-3 (Groundball, 34)
Bottom of the 4th over - 0 run(s), 2 hit(s), 0 error(s), 1 left on base; Mercer Island 1 - Ft. Polk South 3
TOP OF THE 5TH
Mercer Island Screaming Eagles batting - Pitching for Ft. Polk South Thunder Hawks : RHP Sergio Rentería
Batting: LHB Gregg Young 0-0: Ball
1-0: Called Strike
1-1: Swinging Strike
1-2: Ball
2-2: SINGLE (Line Drive, 6D)
Batting: SHB Ray Davis 0-0: Fly out, F5 (Popup, 5F)
Batting: SHB Jon Jenkins 0-0: Ball
1-0: Ball
2-0: Foul Ball, location: 2F
2-1: Called Strike
2-2: Fly out, F7 (Flyball, 7S)
Batting: RHB Paul Houston 0-0: Called Strike
0-1: TRIPLE (Line Drive, 8RM)
Gregg Young scores
Batting: RHB Luis Antonio Hernández 0-0: Ball
1-0: Ball
2-0: Foul Ball, location: 2F
2-1: Foul Ball, location: 2F
2-2: Ball
3-2: Foul Ball, location: 2F
3-2: Strikes out looking
Top of the 5th over - 1 run(s), 2 hit(s), 0 error(s), 1 left on base; Mercer Island 2 - Ft. Polk South 3
BOTTOM OF THE 5TH
Ft. Polk South Thunder Hawks batting - Pitching for Mercer Island Screaming Eagles : LHP James Scott
Batting: RHB Román Centena 0-0: Ball
1-0: Ball
2-0: Called Strike
2-1: SINGLE (Groundball, 5D)
Batting: LHB Guomez Nabeiro 0-0: Ball
1-0: SINGLE (Line Drive, 6MD)
Román Centena to second
Batting: RHB Steven Grant 0-0: Ball
1-0: Ball
2-0: Called Strike
2-1: Called Strike
2-2: Grounds into double play, 6-4-3 (Groundball, 6)
Román Centena to third
Batting: RHB José Sosa 0-0: Foul Ball, location: 2F
0-1: Ball
1-1: Ball
2-1: Ball
3-1: SINGLE (Line Drive, 4D)
Román Centena scores
Pitching: RHP José Contreras
Batting: SHB Tony Martínez 0-0: Ball
1-0: Called Strike
1-1: Ball
2-1: Foul Ball, location: 2F
2-2: Ball
3-2: Foul Ball, location: 2F
3-2: Base on Balls
José Sosa to second
Batting: RHB Nick Miller 0-0: Foul Ball, location: 2F
0-1: Ball
1-1: Ball
2-1: Ground out 6-3 (Groundball, 6)
Bottom of the 5th over - 1 run(s), 3 hit(s), 0 error(s), 2 left on base; Mercer Island 2 - Ft. Polk South 4
TOP OF THE 6TH
Mercer Island Screaming Eagles batting - Pitching for Ft. Polk South Thunder Hawks : RHP Sergio Rentería
Batting: LHB Jeff Lee 0-0: Called Strike
0-1: Ball
1-1: Ground out U3 (Groundball, 3S)
Batting: RHB Scotty Anderson 0-0: Ball
1-0: Ball
2-0: Called Strike
2-1: Fly out, F7 (Flyball, 7M)
Batting: RHB Michael Montgomery 0-0: Ball
1-0: Ball
2-0: Called Strike
2-1: Foul Ball, location: 2F
2-2: Foul Ball, location: 2F
2-2: DOUBLE (Line Drive, 7LM)
Batting: RHB Kenzaburo Hori 0-0: Called Strike
0-1: Foul Ball, location: 2F
0-2: Ball
1-2: Foul Ball, location: 2F
1-2: Strikes out looking
Top of the 6th over - 0 run(s), 1 hit(s), 0 error(s), 1 left on base; Mercer Island 2 - Ft. Polk South 4
BOTTOM OF THE 6TH
Ft. Polk South Thunder Hawks batting - Pitching for Mercer Island Screaming Eagles : RHP José Contreras
Batting: SHB Orlando López 0-0: Called Strike
0-1: Called Strike
0-2: Ball
1-2: Ball
2-2: Fly out, F8 (Flyball, 8LM)
Batting: RHB Francisco Romero 0-0: Called Strike
0-1: Foul Ball, location: 2F
0-2: Foul Ball, location: 2F
0-2: Ball
1-2: Fly out, F8 (Flyball, 8RM)
Batting: LHB José Marín 0-0: Ball
1-0: Called Strike
1-1: Ball
2-1: Swinging Strike
2-2: Strikes out swinging
Bottom of the 6th over - 0 run(s), 0 hit(s), 0 error(s), 0 left on base; Mercer Island 2 - Ft. Polk South 4
TOP OF THE 7TH
Mercer Island Screaming Eagles batting - Pitching for Ft. Polk South Thunder Hawks : RHP Sergio Rentería
Batting: LHB Gregg Young 0-0: Called Strike
0-1: Ball
1-1: Ball
2-1: Ball
3-1: Swinging Strike
3-2: Strikes out looking
Batting: SHB Ray Davis 0-0: Swinging Strike
0-1: Foul Ball, location: 2F
0-2: Strikes out swinging
Batting: SHB Jon Jenkins 0-0: Ball
1-0: Foul Ball, location: 2F
1-1: Ball
2-1: Foul Ball, location: 2F
2-2: SINGLE (Line Drive, 6M)
Batting: RHB Paul Houston 0-0: Ball
1-0: Foul Ball, location: 2F
1-1: Ball
2-1: Foul Ball, location: 2F
2-2: Ball
3-2: Base on Balls
Jon Jenkins to second
Pitching: RHP Ernest White
Batting: RHB Luis Antonio Hernández 0-0: Foul Ball, location: 2F
0-1: Ball
1-1: Foul Ball, location: 2F
1-2: Foul Ball, location: 2F
1-2: Ball
2-2: 3-RUN HOME RUN (Flyball, 7D), Distance : 367 ft
Batting: LHB Jeff Lee 0-0: Ball
1-0: Ball
2-0: Called Strike
2-1: Foul Ball, location: 2F
2-2: Ground out 6-3 (Groundball, 56)
Top of the 7th over - 3 run(s), 2 hit(s), 0 error(s), 0 left on base; Mercer Island 5 - Ft. Polk South 4
BOTTOM OF THE 7TH
Ft. Polk South Thunder Hawks batting - Pitching for Mercer Island Screaming Eagles : RHP José Contreras
Batting: RHB Román Centena 0-0: Called Strike
0-1: Foul Ball, location: 2F
0-2: Foul Ball, location: 2F
0-2: Ball
1-2: Strikes out swinging
Batting: LHB Guomez Nabeiro 0-0: Swinging Strike
0-1: Ball
1-1: Foul Ball, location: 2F
1-2: Ball
2-2: Ground out 4-3 (Groundball, 4)
Batting: RHB Steven Grant 0-0: Ball
1-0: Ground out 5-3 (Groundball, 56S)
Bottom of the 7th over - 0 run(s), 0 hit(s), 0 error(s), 0 left on base; Mercer Island 5 - Ft. Polk South 4
TOP OF THE 8TH
Mercer Island Screaming Eagles batting - Pitching for Ft. Polk South Thunder Hawks : RHP Ernest White
Batting: RHB Scotty Anderson 0-0: Ball
1-0: Foul Ball, location: 2F
1-1: Ball
2-1: Ball
3-1: Called Strike
3-2: Base on Balls
Pinch Hitting: LHB Emery Miller 0-0: Sac Bunt - play at first, batter OUT! 1-4
Scotty Anderson to second
Batting: RHB Kenzaburo Hori 0-0: Intentional Walk
Pinch Hitting: RHB P.J. O'Keefe 0-0: Ball
1-0: SINGLE (Groundball, 4M)
Scotty Anderson to third
Kenzaburo Hori to second
Batting: SHB Ray Davis 0-0: Swinging Strike
0-1: Fly out, F7 (Flyball, 7M)
Runner from 3rd tags up, SCORES, throw made
Pitching: RHP Júlio Palácios
Batting: SHB Jon Jenkins 0-0: Called Strike
0-1: Foul Ball, location: 2F
0-2: Ball
1-2: Ball
2-2: Ball
Passed Ball!
Kenzaburo Hori to third
P.J. O'Keefe to second
3-2: SINGLE (Line Drive, 56)
Kenzaburo Hori scores
P.J. O'Keefe to third
P.J. O'Keefe scores
Batting: RHB Paul Houston 0-0: Called Strike
Pickoff Throw to First - Out!
Top of the 8th over - 3 run(s), 2 hit(s), 0 error(s), 0 left on base; Mercer Island 8 - Ft. Polk South 4
BOTTOM OF THE 8TH
Ft. Polk South Thunder Hawks batting - Pitching for Mercer Island Screaming Eagles : RHP José Contreras
Pitching: RHP Stewart Walker
Now at 3B: Juan Alba
Now in RF: Emery Miller
Batting: RHB José Sosa 0-0: Ball
1-0: Foul Ball, location: 2F
1-1: Ball
2-1: Fly out, F9 (Flyball, 9LM)
Batting: SHB Tony Martínez 0-0: Ball
1-0: Swinging Strike
1-1: Swinging Strike
1-2: Strikes out swinging
Batting: RHB Nick Miller 0-0: Foul Ball, location: 2F
0-1: Foul Ball, location: 2F
0-2: Strikes out swinging
Bottom of the 8th over - 0 run(s), 0 hit(s), 0 error(s), 0 left on base; Mercer Island 8 - Ft. Polk South 4
TOP OF THE 9TH
Mercer Island Screaming Eagles batting - Pitching for Ft. Polk South Thunder Hawks : RHP Júlio Palácios
Batting: RHB Paul Houston 0-0: Fly out, F3 (Popup, 3DF)
Batting: RHB Luis Antonio Hernández 0-0: Foul Ball, location: 2F
0-1: Foul Ball, location: 2F
0-2: Ball
1-2: Ground out 6-3 (Groundball, 56)
Batting: LHB Jeff Lee 0-0: Ball
1-0: Ball
2-0: Ground out 4-3 (Groundball, 4M)
Top of the 9th over - 0 run(s), 0 hit(s), 0 error(s), 0 left on base; Mercer Island 8 - Ft. Polk South 4
BOTTOM OF THE 9TH
Ft. Polk South Thunder Hawks batting - Pitching for Mercer Island Screaming Eagles : RHP Stewart Walker
Pitching: RHP Jim Unknown
Batting: SHB Orlando López 0-0: Ball
1-0: Ball
2-0: Called Strike
2-1: Foul Ball, location: 2F
2-2: Strikes out looking
Batting: RHB Francisco Romero 0-0: Fly out, F9 (Flyball, 89D)
Batting: LHB José Marín 0-0: Called Strike
0-1: Foul Ball, location: 2F
0-2: Strikes out swinging
Bottom of the 9th over - 0 run(s), 0 hit(s), 0 error(s), 0 left on base; Mercer Island 8 - Ft. Polk South 4
This league is powered by Out of the Park Baseball, the baseball management simulation game for PC, Mac and Linux
Monday, May 4th, 2015 - OOTP Baseball 15.6 Build 34